 Dungeon Crawl Stone Soup version 0.21-a0-85-ga0cb861 (webtiles) character file.

133 HAL9000 the Cudgeler (level 5, -5/53 HPs)
             Began as an Ogre Hunter on June 25, 2017.
             Slain by a gnoll
             ... wielding a +0 whip
              (11 damage)
             ... on level 2 of the Dungeon.
             The game lasted 00:05:10 (1863 turns).

HAL9000 the Cudgeler (Ogre Hunter)                  Turns: 1863, Time: 00:05:11

Health: -5/53      AC:  2    Str: 17    XL:     5   Next: 16%
Magic:  5/5        EV: 10    Int: 12    God:
Gold:   65         SH:  0    Dex:  9    Spells: 4/4 levels left

rFire    . . .     SeeInvis .   a - +0 short sword
rCold    . . .     Gourm    .   (no shield)
rNeg     . . .     Faith    .   q - -1 robe (curse)
rPois    .         Spirit   .   (helmet restricted)
rElec    .         Reflect  .   (no cloak)
rCorr    .         Harm     .   (gloves unavailable)
MR       .....                  (boots unavailable)
Stlth    +.........             (no amulet)
HPRegen  0.17/turn              (no ring)
MPRegen  0.09/turn              (no ring)

@: no status effects
A: unfitting armour, tough skin 1
a: no special abilities


You were on level 2 of the Dungeon.
You were very hungry.

You visited 1 branch of the dungeon, and saw 2 of its levels.

You collected 65 gold pieces.

Inventory:

Hand Weapons
 a - a +0 short sword (weapon)
 i - a +0 club
Armour
 b - a +0 robe
 q - a cursed -1 robe (worn)
Jewellery
 s - an uncursed amulet of guardian spirit {unknown}
 w - a cursed ring of loudness {unknown}
Scrolls
 g - 2 scrolls of remove curse {unknown}
 k - 3 scrolls of identify {unknown}
 o - a scroll of enchant armour {unknown}
 p - 2 scrolls of noise {unknown}
 r - a scroll of magic mapping {unknown}
 u - a scroll of immolation {unknown}
 x - a scroll of recharging {unknown}
Potions
 h - a potion of agility
 t - a potion of lignification {unknown}
Comestibles
 f - 2 bread rations
 n - 2 chunks of flesh
 v - a meat ration


   Skills:
 - Level 3.0 Fighting
 + Level 4.1 Maces & Flails
 - Level 4.0 Throwing
 - Level 1.7 Dodging
 - Level 0.6 Stealth


You had 4 spell levels left.
You didn't know any spells.

Dungeon Overview and Level Annotations

Branches:
Dungeon (2/15)

Altars:
Fedhas
Nemelex Xobeh
Qazlal


Innate Abilities, Weirdness & Mutations

You are too large for most types of armour.
You have tough skin. (AC +1)


Message History

The gnoll is moderately wounded.
The gnoll hits you with a whip.
You barely miss the gnoll.
The gnoll is moderately wounded.
The gnoll hits you with a whip!
* * * LOW HITPOINT WARNING * * *
Throwing (i - inventory):
d - 2 throwing nets (quivered)
Press: ? - help, Shift-Dir - straight line, f/p - gnoll
Aim: a gnoll, wielding a whip (moderately wounded)
You throw a throwing net.
The throwing net barely misses the gnoll.
The gnoll hits you with a whip.
* * * LOW HITPOINT WARNING * * *
Throwing (i - inventory):
d - a throwing net (quivered)
Press: ? - help, Shift-Dir - straight line, f/p - gnoll
Aim: a gnoll, wielding a whip (moderately wounded)
You throw a throwing net.
The throwing net barely misses the gnoll.
The gnoll hits you with a whip!
You die...

###### .....# ####.#
#.# ###### ## #.#
#....# .# #.##
#.##.# .#
#..###.##.#
.###...##....#######
.....(...(.(.)(g@..#
####...##....#####.#
##.###....# ##.####
#.# ###### #.g...#
#.# #...#.# #'#
#...#..# .. #......#
#..#...# .#. .#.#


You could see a gnoll.

Vanquished Creatures
  Jessica (D:2)
  3 gnolls (D:2)
  3 adders
  An ooze (D:1)
  2 dart slugs
  A leopard gecko (D:2)
  2 giant cockroaches (D:1)
  5 goblins
  8 hobgoblins
  A quokka (D:2)
  A ball python (D:1)
  5 bats
  A frilled lizard (D:1)
  7 kobolds
  2 rats
  A fungus (D:2)
44 creatures vanquished.

Notes
Turn   | Place    | Note
-------+----------+-------------------------------------------
     0 | D:1      | HAL9000 the Ogre Hunter began the quest for the Orb.
     0 | D:1      | Reached XP level 1. HP: 22/22 MP: 1/1
   164 | D:1      | Reached skill level 1 in Maces & Flails
   164 | D:1      | Reached XP level 2. HP: 31/31 MP: 2/2
   571 | D:1      | Reached XP level 3. HP: 34/37 MP: 3/3
   830 | D:1      | Found a sparkling altar of Nemelex Xobeh.
   875 | D:2      | Found a blossoming altar of Fedhas.
   875 | D:2      | Found a stormy altar of Qazlal.
  1160 | D:2      | Reached XP level 4. HP: 27/45 MP: 4/4
  1227 | D:2      | Noticed Jessica
  1228 | D:2      | Killed Jessica
  1856 | D:2      | Reached XP level 5. HP: 23/53 MP: 5/5
  1863 | D:2      | Slain by a gnoll

Vault maps used:
D:1:      grunt_arrival_lava_bath, nemelex_diamond_rough_becter
D:2:      minmay_wonky_spiral, grunt_temple_overflow_forces_of_nature,
          uniq_jessica

Skill      XL: |  1  2  3  4 |
---------------+-------------+-----
Fighting       | 3 |  3.0
Maces & Flails | 1 2 3 4 |  4.1
Throwing       | |  4.0
Dodging        | |  1.7
Stealth        | |  0.6

Action                   |  1- 3 |  4- 6 || total
-------------------------+-------+-------++-------
Melee: Short sword       |   145 |    57 ||   202
Throw: Large rock        |     5 |     7 ||    12
       Throwing net      |     1 |     2 ||     3
  Use: Potion            |     4 |       ||     4
 Stab: Sleeping          |     1 |       ||     1
  Eat: Chunk             |       |     2 ||     2
Armor: Robe              |    38 |    15 ||    53
Dodge: Dodged            |    76 |    31 ||   107
